 Dungeon Crawl Stone Soup version 0.26-a0-812-g31a745ddcd (webtiles) character file.

Game seed: 1149784244073119986

19419 Arthanis the Cleaver (level 12, -1/81 HPs)
             Began as a Gargoyle Berserker on Nov 22, 2020.
             Was a High Priest of Trog.
             Slain by an unseen horror (6 damage)
             ... on level 15 of the Dungeon.
             The game lasted 00:17:14 (14818 turns).

Arthanis the Cleaver (Gargoyle Berserker)          Turns: 14818, Time: 00:17:15

Health: -1/81      AC: 16    Str: 22      XL:     12   Next: 68%
Magic:  15/21      EV:  7    Int: 11 (15) God:    Trog [*****.]
Gold:   482        SH:  4    Dex:  9      Spells: 11/11 levels left

rFire    . . .     SeeInvis .   J - +0 broad axe
rCold    . . .     Faith    .   u - +0 buckler
rNeg     + . .     Spirit   .   q - +0 plate armour
rPois    ∞         Reflect  .   x - +2 helmet {Int+3}
rElec    +         Harm     .   (no cloak)
rCorr    .         Rampage  .   N - +0 pair of gloves
MR       ++...                  c - +0 pair of boots
Stlth    ..........             z - amulet of magic regeneration
HPRegen  1.23/turn              C - ring of magical power
MPRegen  0.42/turn              (no ring)

@: about to teleport, marked, corroded, berserk cooldown, regenerating, slowed,
very slow
A: negative energy resistance 1, electricity resistance, unbreathing,
petrification resistance, rot immunity, AC +8
a: Berserk, Trog's Hand, Brothers in Arms, Renounce Religion


You were on level 15 of the Dungeon.
You worshipped Trog.
Trog was extremely pleased with you.
You visited 1 branch of the dungeon, and saw 14 of its levels.

You collected 770 gold pieces.
You spent 288 gold pieces at shops.

Inventory:

Hand Weapons
 a - a +0 hand axe
 h - a +0 spear
 p - a +0 trident
 B - a +0 vorpal hand axe
 G - a +0 mace of protection
 J - a +0 broad axe (weapon)
Armour
 b - a +0 animal skin
 c - a +0 pair of boots (worn)
 q - a +0 plate armour (worn)
 u - a +0 buckler (worn)
 x - a +2 helmet of intelligence (worn)
 N - a +0 pair of gloves (worn)
Jewellery
 z - an amulet of magic regeneration (around neck)
 C - a ring of magical power (left hand)
 O - an uncursed ring of ice
Wands
 d - a wand of random effects (62)
 t - a wand of paralysis (7)
 E - a wand of flame (18)
 L - a wand of iceblast (12)
Scrolls
 f - 4 scrolls of magic mapping
 g - 2 scrolls of immolation
 i - 6 scrolls of remove curse
 k - 3 scrolls of teleportation
 s - a scroll of enchant armour
 v - 4 scrolls of enchant weapon
 y - 2 scrolls of blinking
 F - 2 scrolls of fear
 I - a scroll of amnesia
Potions
 e - 3 potions of attraction
 j - 2 potions of lignification
 l - 3 potions of mutation
 m - 4 potions of brilliance
 n - a potion of degeneration {unknown}
 o - 2 potions of flight {unknown}
 r - 3 potions of magic
 w - 4 potions of curing
 A - a potion of invisibility {unknown}
 D - 3 potions of heal wounds {unknown}
 H - 3 potions of might
 K - a potion of cancellation


   Skills:
 + Level 12.0 Fighting
 * Level 13.6 Axes
 - Level 8.0 Armour
 - Level 2.0 Dodging
 - Level 4.0 Shields
 - Level 4.1 Evocations


You had 11 spell levels left.
You didn't know any spells.
Your spell library contained the following spells:

 Spells                   Type           Power        Failure   Level
 Shock                    Conj/Air       #...         99%         1
 Swiftness                Air            #.......     100%        2
 Static Discharge         Conj/Air       #.......     100%        3
 Airstrike                Air            #.........   100%        4
 Leda's Liquefaction      Hex/Erth       #.........   100%        4
 Summon Lightning Spire   Summ/Air       #.......     100%        4
 Bolt of Magma            Conj/Fire/Erth #.........   100%        5
 Lightning Bolt           Conj/Air       #.........   100%        5
 Silence                  Hex/Air        #.........   100%        5
 Conjure Ball Lightning   Conj/Air       #.........   100%        6
 Iron Shot                Conj/Erth      #.........   100%        6
 Shatter                  Erth           #.........   100%        9
 Tornado                  Air            #.........   100%        9
 Statue Form              Tmut/Erth      Unusable     N/A         6

Dungeon Overview and Level Annotations

Branches:
Dungeon (13/15)            Temple (0/1) D:4            Lair (0/6) D:11
    Orc (0/2) D:10
 Vaults: D:13-14

Altars:
Cheibriados
Dithmenos
Gozag
Hepliaklqana
Kikubaaqudgha
Uskayaw
Yredelemnul
Zin

Shops:
D:9 !   D:10 *

Portals:
Trove: D:11 (give 8 scrolls of blinking)

Annotations:
D:12 Sonja
D:15 Jorgrun


Innate Abilities, Weirdness & Mutations

You are resistant to torment.
Your stone body is resilient. (AC +8)
You are immune to poison.
You resist negative energy. (rN+)
You are resistant to electric shocks. (rElec)
You can survive without breathing.
You are immune to petrification.
You are immune to rotting.


Message History

Something hits you but does no damage. Something hits you.
* * * LOW HITPOINT WARNING * * *
You block something's attack.
The bullfrog hits you but does no damage.
A centaur warrior skeleton comes into view.
Something hits you but does no damage.
The deep elf mage gestures wildly while chanting.
The deep elf mage blinks!
The soul eater draws from the surrounding life force!
* * * LOW HITPOINT WARNING * * *
The boulder beetle curls into a ball and begins rolling!
The bullfrog hits you but does no damage.
The green ugly thing trunk-slaps you!
* * * LOW HITPOINT WARNING * * *
The ogre mage gestures wildly while chanting.
The ogre mage blinks!
The bullfrog hits you but does no damage.
A yaktaur comes into view.
Something hits you.
You die...

#..........##
##.Z..........
#.u..u..B....<
##§...........
.##.....u.......
..............
....e..u...##
......TF@...#
.......F....#
..)....H..###.. ..#......
.c........K....#..#....°.
...........u...........B.
...o...VcK.5..uK.........
..§........5.4n..uu#.○...
..........l.K3.55u5#.....
.............4..3B5J.....


You could see a boulder beetle, 5 ugly things, a soul eater (summoned), a
manticore, a yaktaur, a rust devil (summoned), a deep elf mage, 2 kobold
demonologists, a troll, a vampire, an orc sorcerer, a wyvern, 2 bullfrogs, a
centaur, a quasit (summoned), a white imp (summoned), a kobold and a centaur
warrior skeleton.

Vanquished Creatures
  2 hydras
  A centaur warrior (D:13)
  4 two-headed ogres
  An unseen horror (D:12)
  A deep elf mage (D:13)
  A cyclops (D:12)
  Maggie (D:7)
  A gargoyle (D:12)
  A kobold demonologist (D:13)
  5 trolls
  A hornet (D:8)
  A meliai zombie (D:13)
  4 wyverns
  A shadow (D:11)
  14 yaks
  A basilisk (D:11)
  Eustachio (D:4)
  3 vampire mosquitoes (D:13)
  2 soldier ants
  3 water moccasins (D:11)
  Duvessa (D:4)
  2 sky beasts
  2 black bears
  An ice beast (D:9)
  6 orc warriors
  An eye of draining (D:13)
  A necrophage (D:11)
  2 phantoms
  11 ogres
  5 centaurs
  12 big kobolds
  2 bullfrogs
  Blork the orc (D:4)
  2 wyvern zombies
  Dowan (D:4)
  2 scorpions
  9 killer bees
  10 wights
  A howler monkey (D:5)
  A bullfrog zombie (D:10)
  4 centaur zombies
  3 jellies
  A quasit (D:11)
  4 orc priests
  5 hounds
  4 bullfrog skeletons
  2 centaur skeletons (D:11)
  Jessica (D:2)
  3 iguanas
  13 orc wizards
  11 worker ants
  A hound zombie (D:11)
  Robin (D:4)
  15 adders
  8 gnolls
  A shadow imp (D:8)
  An ufetubus (D:8)
  2 oozes
  An adder zombie (D:6)
  An adder skeleton (D:5)
  3 worms
  2 dart slugs (D:1)
  5 leopard geckos
  44 orcs
  2 ball pythons
  8 bats
  7 giant cockroaches
  14 goblins
  3 hobgoblins
  5 jackals
  34 kobolds
  8 quokkas
  6 frilled lizards
  A leopard gecko skeleton (D:3)
  5 rats
351 creatures vanquished.

Vanquished Creatures (others)
  2 bushes (D:11)
  6 fungi (D:11)
  20 plants (D:11)
28 creatures vanquished.

Grand Total: 379 creatures vanquished

Notes
Turn   | Place    | Note
-------+----------+-------------------------------------------
     0 | D:1      | Arthanis the Gargoyle Berserker began the quest for the
                  | Orb.
     0 | D:1      | Reached XP level 1. HP: 14/14 MP: 1/1
   162 | D:1      | Reached XP level 2. HP: 19/19 MP: 2/2
   337 | D:1      | Reached skill level 3 in Axes
   846 | D:2      | Reached XP level 3. HP: 21/23 MP: 3/3
  1024 | D:2      | Noticed Jessica
  1036 | D:2      | Killed Jessica
  1036 | D:2      | Reached ** piety under Trog
  1036 | D:2      | Reached XP level 4. HP: 15/29 MP: 4/4
  1424 | D:2      | Reached XP level 5. HP: 30/33 MP: 5/5
  1600 | D:2      | Reached skill level 4 in Axes
  2950 | D:3      | Found a hazy altar of Hepliaklqana.
  3004 | D:3      | Found an ancient bone altar of Kikubaaqudgha.
  3007 | D:3      | Found a basalt altar of Yredelemnul.
  3420 | D:4      | Noticed Blork the orc
  3430 | D:4      | Killed Blork the orc
  3430 | D:4      | Reached XP level 6. HP: 34/39 MP: 6/6
  3544 | D:4      | Noticed Duvessa
  3550 | D:4      | Noticed Dowan
  3569 | D:4      | Killed Dowan
  3570 | D:4      | Killed Duvessa
  3570 | D:4      | Reached skill level 5 in Axes
  3681 | D:4      | Noticed Eustachio
  3704 | D:4      | Killed Eustachio
  3704 | D:4      | Reached skill level 5 in Fighting
  3704 | D:4      | Reached XP level 7. HP: 39/44 MP: 7/7
  3972 | D:4      | Noticed Robin
  3985 | D:4      | Reached *** piety under Trog
  3988 | D:4      | Killed Robin
  4180 | D:4      | Found a staircase to the Ecumenical Temple.
  4494 | D:5      | Entered Level 5 of the Dungeon
  4578 | D:5      | Reached skill level 1 in Shields
  4665 | D:5      | Reached skill level 6 in Axes
  4665 | D:5      | Reached skill level 5 in Armour
  4665 | D:5      | Reached XP level 8. HP: 45/50 MP: 8/8
  4879 | D:5      | Found a hide-covered altar of Uskayaw.
  5176 | D:5      | Found a shadowy altar of Dithmenos.
  6055 | D:6      | Reached skill level 7 in Axes
  6620 | D:7      | Reached skill level 1 in Evocations
  6620 | D:7      | Reached XP level 9. HP: 55/56 MP: 9/9
  6654 | D:7      | Reached **** piety under Trog
  7039 | D:7      | Noticed Maggie
  7049 | D:7      | Killed Maggie
  7141 | D:7      | You fall into a shaft and drop 3 floors!
  7141 | D:10     | Entered Level 10 of the Dungeon
  7178 | D:10     | Found a staircase to the Orcish Mines.
  7178 | D:10     | Noticed a troll
  7255 | D:10     | Reached skill level 8 in Axes
  7300 | D:10     | Found Qiavodgh's Elemental Accessories.
  7757 | D:9      | Found a snail-covered altar of Cheibriados.
  7941 | D:8      | Reached XP level 10. HP: 57/64 MP: 10/10
  7950 | D:8      | Reached ***** piety under Trog
  8008 | D:8      | Reached skill level 9 in Axes
  8328 | D:7      | You fall into a shaft and drop 1 floor!
  8841 | D:8      | Received a gift from Trog
  9084 | D:9      | Found Yhahui's Distillery.
  9087 | D:9      | Bought a potion of magic for 96 gold pieces
  9087 | D:9      | Bought a potion of cancellation for 96 gold pieces
  9087 | D:9      | Bought a potion of mutation for 96 gold pieces
  9225 | D:9      | Noticed a two-headed ogre
  9235 | D:9      | Killed a two-headed ogre
  9389 | D:9      | Reached skill level 10 in Axes
  9605 | D:9      | Found an opulent altar of Gozag.
  9606 | D:9      | Found a glowing silver altar of Zin.
 11053 | D:11     | Reached XP level 11. HP: 50/72 MP: 11/11
 11195 | D:11     | Noticed a two-headed ogre
 11206 | D:11     | Killed a two-headed ogre
 11206 | D:11     | Reached skill level 11 in Axes
 11237 | D:11     | Reached skill level 10 in Fighting
 11418 | D:11     | Found a portal to a secret trove of treasure.
 11445 | D:11     | Noticed a two-headed ogre
 11456 | D:11     | Killed a two-headed ogre
 11546 | D:11     | Noticed a five-headed hydra
 11557 | D:11     | Killed a five-headed hydra
 12006 | D:11     | Reached skill level 12 in Axes
 12038 | D:11     | Found a staircase to the Lair.
 12640 | D:12     | Noticed a cyclops
 12788 | D:12     | Killed a cyclops
 12872 | D:12     | Noticed a two-headed ogre
 12886 | D:12     | Killed a two-headed ogre
 12886 | D:12     | Reached XP level 12. HP: 35/80 MP: 12/12
 13412 | D:12     | Noticed Sonja
 13417 | D:12     | Received a gift from Trog
 13927 | D:13     | Noticed a centaur warrior
 13957 | D:13     | Killed a centaur warrior
 13957 | D:13     | Reached skill level 13 in Axes
 13999 | D:13     | Noticed an eight-headed hydra
 14022 | D:13     | Killed an eight-headed hydra
 14778 | D:13     | Noticed a soul eater
 14809 | D:13     | You fall into a shaft and drop 2 floors!
 14809 | D:15     | Entered Level 15 of the Dungeon
 14809 | D:15     | Noticed Jorgrun
 14809 | D:15     | Noticed a two-headed ogre
 14809 | D:15     | Noticed a two-headed ogre
 14809 | D:15     | Noticed a two-headed ogre
 14810 | D:15     | Noticed an ogre mage
 14810 | D:15     | Noticed a two-headed ogre
 14810 | D:15     | Noticed a boulder beetle
 14811 | D:15     | Noticed a two-headed ogre
 14813 | D:15     | Noticed a soul eater
 14816 | D:15     | Noticed an ogre mage
 14817 | D:15     | Noticed a boulder beetle
 14818 | D:15     | Slain by an unseen horror

Illustrated notes

Levels and vault maps discovered:
D:1:      dpeg_arrival_tiny_k, layout_loops_ring
D:2:      layout_loops_ring, uniq_jessica
D:3:      layout_basic, minmay_overflow_temple_star_quad, grunt_ministairs_8,
          minmay_distorted
D:4:      layout_loops_ring, minmay_temple_entry_nine_rooms, uniq_blork_the_orc,
          uniq_duvessa, uniq_robin, uniq_eustachio
D:5:      layout_loops_ring, lemuel_round_altar, eat_drink_and_be_merry_uskayaw
D:6:      layout_loops_corners, minmay_starry_boxes
D:7:      layout_gridville, uniq_maggie
D:8:      layout_cave_pools, hangedman_pestilent_swarm
D:9:      layout_irregular_city, grunt_temple_overflow_gold_and_silver,
          kennysheep_little_box, serial_shops, shop
D:10:     layout_cave_pods, kennysheep_orc_monster_closet_entryway,
          nicolae_elemental_shop, st_stairs_12
D:11:     layout_long_grid, minmay_lair_entry_grove, nicolae_trove_entry_crystal
D:12:     layout_gridville, uniq_sonja
D:13:     layout_basic, einodemon_armed_red_devil_minivault
D:15:     hangedman_depths_entry_civil_slaughter, layout_cave_pools,
          uniq_jorgrun

Skill      XL: |  1  2  3  4  5  6  7  8  9 10 11 12 |
---------------+-------------------------------------+-----
Axes           | 3 4 5 6 7 8 10 12 13 | 13.6
Dodging        | 2 |  2.0
Armour         | 3 4 5 6 7 8 |  8.0
Fighting       | 4 5 6 8 9 11 12 | 12.0
Shields        | 1 3 4 |  4.0
Evocations     | 1 3 4 |  4.1

Action                   |  1- 3 |  4- 6 |  7- 9 | 10-12 || total
-------------------------+-------+-------+-------+-------++-------
Melee: Hand axe          |    58 |   240 |   502 |   409 ||  1209
       Broad axe         |       |       |       |   455 ||   455
       Mace              |       |       |       |    58 ||    58
Invok: Berserk           |     2 |     3 |    10 |    19 ||    34
       Trog's Hand       |       |       |     1 |     2 ||     3
Evoke: Wand              |       |       |       |     3 ||     3
  Use: Scroll            |       |     6 |     5 |     6 ||    17
       Potion            |       |       |       |     3 ||     3
 Stab: Paralysed         |       |       |       |     1 ||     1
Armor: Animal skin       |    19 |    97 |       |       ||   116
       Plate armour      |       |    24 |   386 |   826 ||  1236
Dodge: Dodged            |    39 |   175 |   167 |   308 ||   689
Block: Buckler           |       |       |    85 |   236 ||   321

Table legend: (Time is in decaauts)
 A = Elapsed time spent in this place.
 B = Non-inter-level travel time spent in this place.
 C = Inter-level travel time spent in this place.
 D = Time resting spent in this place.
 E = Time spent auto-exploring this place.
 F = Levels seen in this place.
 G = Mean time per level.
                   A        B        C        D        E       F      G
               +--------+--------+--------+--------+--------+-----+--------+
         Total |  15056 |  14717 |    339 |    248 |  11516 |  14 | 1075.4 |
       Dungeon |  15056 |  14717 |    339 |    248 |  11516 |  14 | 1075.4 |
               +--------+--------+--------+--------+--------+-----+--------+

Top non-repeatable levels by time:
    D:11: 1741 daAuts
    D:10: 1573 daAuts
     D:3: 1468 daAuts
    D:12: 1230 daAuts
     D:7: 1171 daAuts
     D:4: 1153 daAuts
     D:9: 1113 daAuts
     D:2: 1113 daAuts
     D:6: 1101 daAuts
    D:13: 907 daAuts
     D:8: 888 daAuts
     D:1: 846 daAuts
     D:5: 735 daAuts
    D:15: 13 daAuts
